 Dungeon Crawl Stone Soup version 0.30-a0-141-g30f27751c5 (webtiles) character file.

Game seed: 6518039576900039560

4993 qw the Cleaver (level 10, -9/63 HPs)
             Began as a Gargoyle Fighter on Sept 25, 2022.
             Was a Priest of Okawaru.
             Mangled by a sun demon (13 damage)
             ... summoned by an obsidian statue
             ... on level 8 of the Dungeon.
             The game lasted 00:03:16 (7587 turns).

qw the Cleaver (Gargoyle Fighter)                   Turns: 7587, Time: 00:03:16

Health: -9/63      AC: 42    Str: 24    XL:     10   Next: 54%
Magic:  13/13      EV:  8    Int:  9    God:    Okawaru [***...]
Gold:   124        SH: 12    Dex:  9    Spells: 9/9 levels left

rFire   . . .      SeeInvis .    j - +2 war axe (vamp)
rCold   . . .      Faith    .    b - +1 kite shield {AC+3}
rNeg    + . .      Spirit   .    k - +0 plate armour
rPois   inf        Reflect  .    g - +0 helmet
rElec   +          Harm     .    c - +0 cloak
rCorr   .          Rampage  .    i - +0 pair of gloves
Will    .....                    (no boots)
Stlth   ..........               (no amulet)
HPRegen 0.20/turn                r - ring of the Tortoise {AC+8}
MPRegen 0.13/turn                m - +4 ring of protection

@: heroic
A: sickness immunity, AC +7, negative energy resistance 1, electricity
resistance, torment resistance 1, petrification resistance
a: Renounce Religion, Heroism


You were on level 8 of the Dungeon.
You worshipped Okawaru.
Okawaru was most pleased with you.
You visited 2 branches of the dungeon, and saw 9 of its levels.

You collected 487 gold pieces.
You spent 363 gold pieces at shops.


Innate Abilities, Weirdness & Mutations

You are immune to sickness and miasma.
Your stone body is resilient. (AC +7)
You are immune to poison.
You resist negative energy. (rN+)
You are resistant to electric shocks. (rElec)
You are resistant to unholy torment.
You are immune to petrification.


   Skills:
 - Level 7.0(12.0) Fighting
 - Level 9.1(14.1) Axes
 - Level 2.0(7.0) Throwing
 - Level 7.0(12.0) Armour
 - Level 1.4(6.4) Dodging
 + Level 8.1(13.1) Shields
 - Level 4.5 Invocations


You had 9 spell levels left.
You didn't know any spells.
Your spell library was empty.

Inventory:

Hand Weapons
 j - a +2 vampiric war axe (weapon)
 s - a +0 morningstar
Missiles
 l - 2 silver boomerangs (quivered)
 q - 10 boomerangs
Armour
 b - a +1 kite shield of protection (worn)
 c - a +0 cloak (worn)
 g - a +0 helmet (worn)
 i - a +0 pair of gloves (worn)
 k - a +0 plate armour (worn)
Jewellery
 m - a +4 ring of protection (right hand)
 r - the ring of the Tortoise (left hand) {AC+8}
   (You found it on level 7 of the Dungeon)

   [ring of protection]

   AC:        It affects your AC (+8).
 Y - a ring of resist corrosion
Scrolls
 o - a scroll of identify
Potions
 a - a potion of heal wounds {unknown}
 d - 4 potions of might
 e - a potion of cancellation
 h - 4 potions of curing
 p - a potion of resistance

Dungeon Overview and Level Annotations

Branches:
Dungeon (8/15)             Temple (1/1) D:4
   Lair: D:8-11

Altars:
Ashenzari
Cheibriados
Dithmenos
Elyvilon
Fedhas
Gozag
Hepliaklqana
Kikubaaqudgha
Makhleb
Nemelex Xobeh
Okawaru
Qazlal
Ru
Sif Muna
Uskayaw
Wu Jian
Xom
Yredelemnul
Zin
The Shining One

Shops:
D:5 *(::   D:7 *

Annotations:
D:5 3 runed translucent doors, qw's ghost, novice GrFi
D:7 2 transporters, qw's ghost, novice GrFi


Message History

You kill the ufetubus!
The ufetubus disappears in a puff of smoke!
You barely miss the crimson imp.
The crimson imp shouts, "Embrace thy doom, thou surly limp-willed wormtrail!"
The crimson imp hits you but does no damage.
The chaos spawn gores you but does no damage.
You slash the chaos spawn!
You kill the chaos spawn!
The chaos spawn degenerates into a cloud of primal chaos!
You slash the crimson imp!
You kill the crimson imp!
The crimson imp disappears in a puff of smoke!
You are no longer corroded.
The white imp gestures at you.
The puff of frost hits you but does no damage.
The obsidian statue's eyes glow briefly.
You slash the sun demon!
The sun demon is moderately wounded.
The sun demon hits you!
You are engulfed in flames!
You barely miss the sun demon.
The sun demon is moderately wounded.
You hit the white imp.
The sun demon hits you but does no damage.
You slash the sun demon!
The sun demon is heavily wounded.
You closely miss the sun demon. You block the sun demon's attack.
The obsidian statue's eyes glow briefly.
You completely miss the sun demon.
The sun demon is heavily wounded.
You completely miss the sun demon.
The sun demon hits you but does no damage.
The sun demon hits you!
You are engulfed in flames!
You closely miss the sun demon.
The sun demon is heavily wounded.
You barely miss the white imp. You closely miss the sun demon.
The obsidian statue slips into the dungeon's darkness for a moment.
The sun demon barely misses you. The sun demon hits you!
You are engulfed in flames!
You die...

.###. #.....#..#.........###.####
..... #.....#..#..........##.##
####. #.....#..#..........#...#
####. ###...#..#.............##
##...# ##..#..#............##
#.....####..#..##............##
......#.#...#...#.............#
...##.......#...##..##.......##
........##..#...@#######..#.##
#....##.....#..533.#####..###
#...........#....5.4=8##..#####
...##.......#......####....##.###
..###.......#....###.......#.....
..#.........#...##.............>.
............#...#............#...
............#..##............#...
.......###..#..#.................


You could see an obsidian statue, 2 sun demons, an ice devil (summoned), a white
imp (summoned) and an ufetubus (summoned).

Vanquished Creatures
  A two-headed ogre (D:8)
  Sigmund (D:2)
  4 humans (D:6)
  Grum (D:8)
  2 water moccasins
  A swamp worm (D:7)
  3 orc warriors
  2 ice beasts
  3 black bears
  4 wolves (D:8)
  2 centaurs
  A phantom (D:6)
  A kobold brigand (D:4)
  A necrophage (D:4)
  2 bullfrogs
  2 scorpions (D:5)
  A gnoll sergeant (D:7)
  3 wights (D:6)
  A hornet simulacrum (D:8)
  4 killer bees (D:7)
  An electric eel (D:8)
  A howler monkey (D:6)
  2 jellies
  9 hounds
  8 orc priests
  An iguana (D:5)
  8 orc wizards
  Natasha (D:2)
  5 gnolls (D:7)
  5 adders
  2 white imps
  An ufetubus (D:8)
  A worm (D:4)
  3 dart slugs
  42 orcs
  4 ball pythons
  9 endoplasms
  9 goblins
  7 hobgoblins
  A quokka (D:4)
  8 frilled lizards
  9 kobolds
  4 rats
181 creatures vanquished.

Vanquished Creatures (others)
  17 plants
17 creatures vanquished.

Grand Total: 198 creatures vanquished

Notes
Turn   | Place    | Note
-------+----------+-------------------------------------------
     0 | D:1      | qw the Gargoyle Fighter began the quest for the Orb.
     0 | D:1      | Reached XP level 1. HP: 14/14 MP: 1/1
     0 | D:1      | 0 ||| qw: Version: 0.2-a-9-g4872b50
     0 | D:1      | 0 ||| qw: Game counter: 84
     0 | D:1      | 0 ||| qw: Always use a shield: true
     0 | D:1      | 0 ||| qw: God list: Okawaru
     0 | D:1      | 0 ||| qw: Allow faded altars: false
     0 | D:1      | 0 ||| qw: Do Orc after D:15 true
     0 | D:1      | 0 ||| qw: Do second Lair branch before Depths: true
     0 | D:1      | 0 ||| qw: Lair rune preference: random
     0 | D:1      | 0 ||| qw: Plans: Normal, Zot:1-4, God:TSO, Crypt, Tomb,
                  | Pan, Slime:5, Hells, Abyss, Orb
     0 | D:1      | 0 ||| PLANNING D:1-11
    85 | D:1      | Found a faded altar of an unknown god.
   140 | D:1      | Reached skill level 2 in Axes
   294 | D:1      | You fall into a shaft and drop 1 floor!
   335 | D:2      | 335 ||| UPGRADING to +0 helmet.
   340 | D:2      | 340 ||| READING scroll labelled FUAL ESKYUNENK.
   373 | D:2      | 373 ||| READING scroll labelled HALOUFUY MERI.
   402 | D:2      | Reached XP level 2. HP: 18/19 MP: 2/2
   524 | D:2      | 524 ||| UPGRADING to +4 ring of protection.
   525 | D:2      | 525 ||| READING scroll labelled UXESEY YKU XEMI.
   606 | D:1      | 606 ||| Stepping ~*~*~tactically~*~*~ (stealth).
   640 | D:1      | 640 ||| Stepping ~*~*~tactically~*~*~ (stealth).
   647 | D:1      | 647 ||| Stepping ~*~*~tactically~*~*~ (stealth).
  1121 | D:1      | 1121 ||| READING scroll labelled YCUCUO GEOKKE.
  1122 | D:1      | 1122 ||| READING scroll labelled FATWAU SYCLYXY.
  1123 | D:1      | 1123 ||| READING scroll labelled HYODWI CYDIA.
  1124 | D:1      | 1124 ||| READING scroll labelled SEYGHO FAERISS.
  1281 | D:2      | 1281 ||| Stepping ~*~*~tactically~*~*~ (stealth).
  1284 | D:2      | Reached skill level 3 in Axes
  1284 | D:2      | 1284 ||| Stepping ~*~*~tactically~*~*~ (stealth).
  1286 | D:2      | 1286 ||| Stepping ~*~*~tactically~*~*~ (stealth).
  1294 | D:2      | Reached XP level 3. HP: 23/23 MP: 3/3
  1300 | D:2      | 1300 ||| READING 3 scrolls labelled HELIKHL XANI.
  1317 | D:2      | Noticed Sigmund
  1330 | D:2      | Killed Sigmund
  1331 | D:2      | Reached skill level 5 in Axes
  1331 | D:2      | Reached XP level 4. HP: 25/28 MP: 4/4
  1331 | D:2      | Reached XP level 5. HP: 28/32 MP: 5/5
  1368 | D:2      | 1368 ||| DROPPING +0 club.
  1407 | D:2      | Noticed Natasha
  1413 | D:2      | Killed Natasha
  1766 | D:2      | 1766 ||| READING scroll labelled LYISTR FAGIAZ.
  1767 | D:2      | 1767 ||| DROPPING 2 scrolls of vulnerability.
  1862 | D:3      | 1862 ||| Stepping ~*~*~tactically~*~*~ (hiding).
  1863 | D:3      | 1863 ||| Stepping ~*~*~tactically~*~*~ (hiding).
  1873 | D:3      | Reached XP level 6. HP: 31/38 MP: 6/6
  1883 | D:3      | HP: 5/38 [orc priest/divine providence (10)]
  1892 | D:3      | Reached skill level 1 in Dodging
  2122 | D:3      | 2122 ||| DROPPING +0 whip.
  2181 | D:3      | 2181 ||| Stepping ~*~*~tactically~*~*~ (hiding).
  2185 | D:3      | 2185 ||| Stepping ~*~*~tactically~*~*~ (hiding).
  2195 | D:3      | 2195 ||| Stepping ~*~*~tactically~*~*~ (stealth).
  2366 | D:3      | 2366 ||| Stepping ~*~*~tactically~*~*~ (stealth).
  2566 | D:3      | 2566 ||| UPGRADING to +0 chain mail.
  2576 | D:3      | 2576 ||| DROPPING +0 scale mail.
  2577 | D:3      | 2577 ||| UPGRADING to +0 pair of gloves.
  2582 | D:3      | 2582 ||| READING scroll labelled QIROTUAT HIEM.
  2583 | D:3      | 2583 ||| READING scroll labelled KIBLINWITO.
  2621 | D:4      | Noticed a black bear
  2626 | D:4      | 2626 ||| STAIRDANCE
  2636 | D:4      | Killed a black bear
  2637 | D:4      | Reached skill level 6 in Axes
  2637 | D:4      | Reached XP level 7. HP: 41/43 MP: 7/7
  2658 | D:4      | Found a burning altar of Makhleb.
  2717 | D:4      | Found a staircase to the Ecumenical Temple.
  2718 | D:4      | 2718 ||| PLANNING TEMPLE
  2724 | Temple   | Entered the Ecumenical Temple
  3040 | Temple   | 3040 ||| PLANNING D:1-11
  3061 | D:4      | Found an iron altar of Okawaru.
  3063 | D:4      | 3063 ||| Stepping ~*~*~tactically~*~*~ (stealth).
  3065 | D:4      | 3065 ||| Stepping ~*~*~tactically~*~*~ (stealth).
  3213 | D:4      | 3213 ||| PLANNING D:1-11
  3286 | D:4      | Found a shimmering altar of Xom.
  3287 | D:4      | 3287 ||| Stepping ~*~*~tactically~*~*~ (hiding).
  3554 | D:4      | Found an opulent altar of Gozag.
  3633 | D:4      | 3633 ||| Stepping ~*~*~tactically~*~*~ (stealth).
  3648 | D:4      | 3648 ||| Stepping ~*~*~tactically~*~*~ (stealth).
  3658 | D:4      | Reached skill level 7 in Axes
  3746 | D:4      | Found a glowing golden altar of the Shining One.
  3801 | D:4      | 3801 ||| Stepping ~*~*~tactically~*~*~ (hiding).
  3822 | D:4      | Found a sacrificial altar of Ru.
  4138 | D:4      | 4138 ||| READING scroll labelled WECEGEY LAIX.
  4139 | D:4      | 4139 ||| DRINKING 2 purple potions.
  4240 | D:4      | 4240 ||| DROPPING potion of ambrosia.
  4316 | D:4      | Became a worshipper of Warmaster Okawaru
  4356 | D:5      | Entered Level 5 of the Dungeon
  4439 | D:5      | 4439 ||| Stepping ~*~*~tactically~*~*~ (hiding).
  4445 | D:5      | Found a broken altar of Ashenzari.
  4451 | D:5      | Reached XP level 8. HP: 32/49 MP: 8/8
  4652 | D:5      | Found Rafaish's Antique Weapon Shoppe.
  4670 | D:5      | 4670 ||| Stepping ~*~*~tactically~*~*~ (hiding).
  4804 | D:5      | Found a runed translucent gate.
  4805 | D:5      | Found a runed translucent gate.
  4805 | D:5      | Found an opulent altar of Gozag.
  4806 | D:5      | Found a runed translucent gate.
  4877 | D:5      | Found Jumm's Assorted Antiques.
  4906 | D:5      | Found Qyewaw's Book Shoppe.
  4921 | D:5      | 4921 ||| UPGRADING to +1 kite shield of protection.
  4938 | D:5      | 4938 ||| DROPPING +0 buckler.
  4940 | D:5      | 4940 ||| SHOPLISTING +3 hat of Pondering {ponderous, Will+
                  | MP+10 Int+5} (1257 gold, have 221).
  4940 | D:5      | 4940 ||| BUYING potion of might (132 gold).
  4940 | D:5      | Bought a potion of might for 132 gold pieces
  4979 | D:5      | Reached * piety under Okawaru
  5069 | D:5      | Found Juarrus's Book Shop.
  5187 | D:5      | Noticed qw's ghost (novice GrFi)
  5188 | D:5      | Noticed a yak
  5242 | D:5      | 5242 ||| UPGRADING to ring of resist corrosion.
  5243 | D:5      | 5243 ||| READING scroll labelled SYAHUGHITU.
  5244 | D:5      | 5244 ||| DRINKING 2 fuming amethyst potions.
  5245 | D:5      | 5245 ||| DRINKING 2 lumpy clear potions.
  5246 | D:5      | 5246 ||| READING 4 scrolls of identify.
  5246 | D:5      | 5246 ||| IDENTIFYING red potion
  5247 | D:5      | 5247 ||| READING 3 scrolls of identify.
  5247 | D:5      | 5247 ||| IDENTIFYING viscous dark potion
  5248 | D:5      | 5248 ||| DROPPING potion of flight.
  5249 | D:5      | 5249 ||| DROPPING potion of invisibility.
  5250 | D:5      | 5250 ||| DROPPING potion of brilliance.
  5257 | D:6      | 5257 ||| INVOKING Heroism.
  5263 | D:6      | Reached skill level 1 in Invocations
  5268 | D:6      | 5268 ||| DRINKING potion of curing.
  5268 | D:6      | 5268 ||| (to cure confusion)
  5270 | D:6      | 5270 ||| INVOKING Heroism.
  5472 | D:6      | Reached skill level 3 in Invocations
  5538 | D:6      | 5538 ||| INVOKING Heroism.
  5550 | D:6      | Reached ** piety under Okawaru
  5551 | D:6      | Reached XP level 9. HP: 41/54 MP: 9/12
  5552 | D:6      | Reached skill level 6 in Shields
  5705 | D:6      | Reached skill level 1 in Throwing
  5727 | D:6      | Reached skill level 8 in Axes
  5813 | D:6      | Reached *** piety under Okawaru
  5949 | D:6      | 5949 ||| UPGRADING to +0 cloak.
  5954 | D:6      | 5954 ||| READING scroll labelled KIETAX FUSAI.
  5955 | D:6      | 5955 ||| READING 3 scrolls of identify.
  5955 | D:6      | 5955 ||| IDENTIFYING emerald potion
  5956 | D:6      | 5956 ||| READING 2 scrolls of identify.
  5956 | D:6      | 5956 ||| IDENTIFYING glowing orange potion
  5961 | D:7      | 5961 ||| INVOKING Heroism.
  5977 | D:7      | Reached skill level 6 in Fighting
  6060 | D:7      | Found Exkireg's General Store.
  6063 | D:7      | 6063 ||| BUYING 2 potions of curing (84 gold).
  6063 | D:7      | Bought 2 potions of curing for 84 gold pieces
  6063 | D:7      | 6063 ||| BUYING potion of curing (42 gold).
  6063 | D:7      | Bought a potion of curing for 42 gold pieces
  6063 | D:7      | 6063 ||| BUYING scroll of enchant weapon (105 gold).
  6063 | D:7      | Bought a scroll of enchant weapon for 105 gold pieces
  6063 | D:7      | 6063 ||| SHOPLISTING scroll of teleportation (42 gold, have
                  | 19).
  6063 | D:7      | 6063 ||| READING scroll of enchant weapon.
  6063 | D:7      | 6063 ||| ENCHANTING +0 vampiric war axe.
  6069 | D:7      | 6069 ||| READING scroll of enchant weapon.
  6069 | D:7      | 6069 ||| ENCHANTING +1 vampiric war axe.
  6090 | D:7      | 6090 ||| Stepping ~*~*~tactically~*~*~ (stealth).
  6094 | D:7      | 6094 ||| Stepping ~*~*~tactically~*~*~ (stealth).
  6099 | D:7      | 6099 ||| INVOKING Heroism.
  6124 | D:7      | 6124 ||| Stepping ~*~*~tactically~*~*~ (hiding).
  6125 | D:7      | 6125 ||| Stepping ~*~*~tactically~*~*~ (hiding).
  6126 | D:7      | 6126 ||| Stepping ~*~*~tactically~*~*~ (hiding).
  6266 | D:7      | Found the ring of the Tortoise {AC+8}
  6270 | D:7      | 6270 ||| INVOKING Heroism.
  6368 | D:7      | 6368 ||| Stepping ~*~*~tactically~*~*~ (hiding).
  6369 | D:7      | 6369 ||| Stepping ~*~*~tactically~*~*~ (hiding).
  6375 | D:7      | 6375 ||| INVOKING Heroism.
  6403 | D:7      | 6403 ||| Stepping ~*~*~tactically~*~*~ (hiding).
  6406 | D:7      | 6406 ||| INVOKING Heroism.
  6421 | D:7      | Reached XP level 10. HP: 60/60 MP: 11/13
  6487 | D:7      | 6487 ||| DROPPING +0 flail.
  6543 | D:7      | Reached skill level 9 in Axes
  6650 | D:7      | Noticed qw's ghost (novice GrFi)
  6657 | D:7      | Found a transporter.
  6666 | D:7      | Found a transporter.
  6745 | D:7      | 6745 ||| UPGRADING to +0 plate armour.
  6755 | D:7      | 6755 ||| DROPPING +0 chain mail.
  6756 | D:7      | 6756 ||| DROPPING +2 ring mail of fire resistance.
  6757 | D:7      | 6757 ||| UPGRADING to ring of the Tortoise {AC+8}.
  6759 | D:7      | 6759 ||| UPGRADING to +4 ring of protection.
  6776 | D:8      | 6776 ||| Stepping ~*~*~tactically~*~*~ (hiding).
  6777 | D:8      | 6777 ||| Stepping ~*~*~tactically~*~*~ (hiding).
  6779 | D:8      | 6779 ||| Stepping ~*~*~tactically~*~*~ (hiding).
  6780 | D:8      | 6780 ||| Stepping ~*~*~tactically~*~*~ (hiding).
  6792 | D:8      | 6792 ||| INVOKING Heroism.
  6969 | D:8      | 6969 ||| Stepping ~*~*~tactically~*~*~ (hiding).
  6972 | D:8      | 6972 ||| INVOKING Heroism.
  6977 | D:8      | 6977 ||| Stepping ~*~*~tactically~*~*~ (hiding).
  7004 | D:8      | Noticed a two-headed ogre
  7005 | D:8      | 7005 ||| INVOKING Heroism.
  7012 | D:8      | Killed a two-headed ogre
  7029 | D:8      | 7029 ||| INVOKING Heroism.
  7035 | D:8      | Noticed Grum
  7047 | D:8      | 7047 ||| Stepping ~*~*~tactically~*~*~ (water).
  7051 | D:8      | Killed Grum
  7055 | D:8      | Reached **** piety under Okawaru
  7116 | D:8      | 7116 ||| Stepping ~*~*~tactically~*~*~ (hiding).
  7117 | D:8      | 7117 ||| Stepping ~*~*~tactically~*~*~ (hiding).
  7131 | D:8      | 7131 ||| Stepping ~*~*~tactically~*~*~ (stealth).
  7157 | D:8      | Noticed an obsidian statue
  7158 | D:8      | 7158 ||| INVOKING Heroism.
  7170 | D:8      | Noticed a sixfirhy
  7185 | D:8      | 7185 ||| INVOKING Heroism.
  7191 | D:8      | Noticed a sun demon
  7203 | D:8      | 7203 ||| INVOKING Heroism.
  7211 | D:8      | Noticed a sixfirhy
  7217 | D:8      | HP: 13/63 [sixfirhy[an obsidian statue] (3)]
  7218 | D:8      | 7218 ||| READING scroll of teleportation.
  7223 | D:8      | 7223 ||| Stepping ~*~*~tactically~*~*~ (stealth).
  7226 | D:8      | 7226 ||| INVOKING Heroism.
  7229 | D:8      | 7229 ||| Stepping ~*~*~tactically~*~*~ (stealth).
  7230 | D:8      | 7230 ||| Stepping ~*~*~tactically~*~*~ (stealth).
  7232 | D:8      | HP: 15/63 [ufetubus (1)]
  7561 | D:8      | 7561 ||| INVOKING Heroism.
  7562 | D:8      | Noticed a rust devil
  7580 | D:8      | Noticed a sun demon
  7580 | D:8      | Noticed a sun demon
  7587 | D:8      | HP: 4/63 [sun demon[an obsidian statue] (13)]
  7587 | D:8      | Mangled by a sun demon

Levels and vault maps discovered:
D:1:      minmay_arrival_floating_metal, layout_loops_corners,
          shapermc_ecumenical_altar_pompeii, grunt_decor_one_mirror,
          minmay_pentomino_p4
D:2:      layout_basic, minmay_surrounded, uniq_natasha, uniq_sigmund,
          uniq_robin
D:3:      layout_rooms, chequers_decorated_corner, kennysheep_minor_cross,
          minmay_goblin_outpost
D:4:      layout_basic, mainiacjoe_overflow_small_starburst,
          mainiacjoe_overflow_six_doors_small, mainiacjoe_overflow_alcove_1,
          mainiacjoe_overflow_chevrons, mainiacjoe_overflow_catch_the_wave,
          minmay_temple_entry_purple_smoke, hangedman_decor_riveting,
          lexackson_kobold_supper
D:5:      layout_basic, evilmike_ruin_ashenzari, serial_shops,
          nicolae_shop_crystal, nicolae_shop_hallway_plus,
          nicolae_shop_statue_plus, ebering_ghost_gozag,
          nicolae_wooded_promenade
D:6:      layout_cave_pools, minmay_ruffians
D:7:      layout_rooms, gammafunk_ghost_hive, serial_shops, kennysheep_mini,
          worms_lemuel
D:8:      minmay_statue_hallways, layout_cave_pools, serial_ice, serial_ice_h,
          serial_ice_c, serial_ice_a, serial_ice_j, minmay_crystal_water,
          nicolae_take_the_stairs, dreamdust_princess_bridge, uniq_grum
Temple:   compressed_dpeg_triangle_lava_temple

Skill      XL: |  1  2  3  4  5  6  7  8  9 10 |
---------------+-------------------------------+-----
Axes           | 2 3 5 6 7 8 9 |  9.1
Fighting       | 4 5 6 7 |  7.0
Dodging        | 1 |  1.4
Shields        | 5 8 |  8.1
Invocations    | 4 |  4.5
Throwing       | 1 2 |  2.0
Armour         | 4 7 |  7.0

Action                   |  1- 3 |  4- 6 |  7- 9 | 10-12 || total
-------------------------+-------+-------+-------+-------++-------
Melee: War axe           |    61 |   105 |   384 |   172 ||   722
Throw: Boomerang         |       |       |     8 |     9 ||    17
Invok: Heroism           |       |       |     8 |     9 ||    17
  Use: Scroll            |     8 |     3 |     9 |     1 ||    21
       Potion            |       |       |     4 |       ||     4
Armor: Scale mail        |    34 |    58 |       |       ||    92
       Chain mail        |       |     9 |   300 |    12 ||   321
       Plate armour      |       |       |       |   109 ||   109
Dodge: Dodged            |    26 |    39 |   150 |    51 ||   266
Block: Buckler           |     9 |    25 |    22 |       ||    56
       Kite shield       |       |       |   166 |   110 ||   276

Table legend:
 A = Non-vault XP
 B = Vault XP
 C = Vault XP percentage of total XP
 D = Non-vault monster count
 E = Vault monster count
 F = Vault count percentage of total count
                 A         B        C        D         E       F
            +---------+---------+-------+---------+---------+-------
      Total |    5023 |    2111 |  29.6 |     143 |      38 |  21.0
            +---------+---------+-------+---------+---------+-------
        D:1 |       4 |       5 |  55.6 |       4 |       3 |  42.9
        D:2 |      26 |     267 |  91.1 |       9 |       7 |  43.8
        D:3 |     209 |      13 |   5.9 |      20 |       7 |  25.9
        D:4 |     474 |     109 |  18.7 |      26 |       8 |  23.5
        D:5 |     531 |       0 |   0.0 |      17 |       0 |   0.0
        D:6 |    1049 |     808 |  43.5 |      23 |       4 |  14.8
        D:7 |    1421 |     148 |   9.4 |      30 |       1 |   3.2
        D:8 |    1309 |     761 |  36.8 |      14 |       8 |  36.4
            +---------+---------+-------+---------+---------+-------
